 Dungeon Crawl Stone Soup version 0.30-a0-937-ga0a21ad780 (webtiles) character file.

Game seed: 15504961140637466519

30 Darius099 the Shooter (level 3, -4/28 HPs)
             Began as a Barachi Hunter on Mar 24, 2023.
             Killed by divine providence
             ... invoked by an orc priest
              (13 damage)
             ... on level 2 of the Dungeon.
             The game lasted 00:03:17 (1052 turns).

Darius099 the Shooter (Barachi Hunter)              Turns: 1052, Time: 00:03:18

Health: -4/28      AC: 11    Str: 12    XL:     3   Next: 18%
Magic:  3/3        EV:  6    Int:  9    God:
Gold:   63         SH:  0    Dex: 17    Spells: 2/2 levels left

rFire   . . .      SeeInvis .    a - +0 shortbow
rCold   . . .      Faith    .    (shield currently unavailable)
rNeg    . . .      Spirit   .    m - +3 chain mail
rPois   .          Reflect  .    (no helmet)
rElec   .          Rampage  .    (no cloak)
rCorr   .                        (no gloves)
Will    .....                    (no boots) Stlth
                                 (no amulet)
HPRegen 0.24/turn                (no ring)
MPRegen 0.08/turn                (no ring)

@: slow
A: amphibious, slowness 1, strong legs 1, +LOS
a: Hop


You were on level 2 of the Dungeon.
You visited 1 branch of the dungeon, and saw 2 of its levels.

You collected 63 gold pieces.

Inventory:

Hand Weapons
 a - a +0 shortbow (weapon)
Armour
 c - a +0 leather armour
 m - a +3 chain mail (worn)
Scrolls
 b - a scroll of immolation
 d - a scroll of brand weapon {unknown}
 h - 2 scrolls of teleportation {unknown}
 i - a scroll of identify {unknown}
 j - a scroll of magic mapping {unknown}
 l - a scroll of fog {unknown}
 n - a scroll of torment {unknown}
 o - a scroll of amnesia {unknown}
Potions
 e - 2 potions of curing {unknown}
 f - a potion of flight {unknown}
 g - 2 potions of heal wounds {unknown}
 k - a potion of mutation {unknown}


   Skills:
 - Level 2.9 Fighting
 + Level 4.3 Ranged Weapons
 - Level 2.6 Dodging
 - Level 1.4 Stealth


You had 2 spell levels left.
You didn't know any spells.
Your spell library was empty.

Dungeon Overview and Level Annotations

Branches:
Dungeon (2/15)

Altars:

Shops:
D:1 =


Innate Abilities, Weirdness & Mutations

You are amphibious.
You cover ground slowly.
You can hop short distances.
You have an extended range of vision and can be seen from far away.


Message History

You shoot an arrow. The arrow barely misses the orc.
An orc comes into view. It is wielding a +0 trident.
You shoot an arrow. The orc shouts!
The arrow hits the orc.
The orc is heavily wounded.
An orc comes into view. It is wielding a +0 flail.
You shoot an arrow. The arrow hits the orc!
You kill the orc!
You shoot an arrow. The arrow hits the orc.
The orc is severely wounded.
An orc priest comes into view. It is wielding a +0 dagger.
The orc priest moves out of view.
You shoot an arrow. The arrow closely misses the orc. x2
The orc hits you but does no damage.
You shoot an arrow. The orc priest shouts!
The arrow hits the orc.
You kill the orc!
You shoot an arrow. The arrow closely misses the orc.
The arrow hits the orc priest but does no damage.
The orc priest invokes the aid of Beogh against you.
Beogh smites you! The orc hits you with a +0 flail!
* * * LOW HITPOINT WARNING * * *
The orc hits you but does no damage.
You are too injured to fight recklessly!
You are too injured to fight recklessly!
You are too injured to fight recklessly!
You are too injured to fight recklessly!
You are too injured to fight recklessly!
You shoot an arrow. The arrow barely misses the orc.
The arrow hits the orc priest.
The orc priest is moderately wounded.
The orc hits you but does no damage. The orc barely misses you.
You shoot an arrow. The arrow hits the orc.
The orc is heavily wounded.
The orc barely misses you. The orc hits you but does no damage.
The orc priest mumbles some strange prayers to Beogh against you.
Beogh smites you!
You die...

#.............##.#...........
#.....####.....#.###.........
####### #.....#.###.########
#..)..#.#......รท.###
#######.....#.#.#.####.#..
#.....'.....'.#...# #.#..
#.#####.....##########['..
###.............##..
#@###########.##..
#o##......# #.##..
#o#######.###.#### #.#
#.....# # #.# ####### #.# #.#
#.# #.#


You could see an orc priest and an orc.

Vanquished Creatures
  A worm (D:1)
  2 orcs (D:2)
  An endoplasm (D:1)
  2 giant cockroaches (D:1)
  2 goblins (D:1)
  4 hobgoblins (D:1)
  2 quokkas
  2 ball pythons
  3 bats
  A frilled lizard (D:1)
  2 kobolds (D:2)
  A rat (D:1)
23 creatures vanquished.

Notes
Turn   | Place    | Note
-------+----------+-------------------------------------------
     0 | D:1      | Darius099 the Barachi Hunter began the quest for the Orb.
     0 | D:1      | Reached XP level 1. HP: 17/17 MP: 1/1
    46 | D:1      | Reached skill level 1 in Stealth
   121 | D:1      | Reached XP level 2. HP: 23/23 MP: 2/2
   126 | D:1      | Found Urphak Fude's Jewellery Emporium.
   917 | D:2      | Reached XP level 3. HP: 28/28 MP: 3/3
  1052 | D:2      | Killed from afar by an orc priest

Illustrated notes

Levels and vault maps discovered:
D:1:      dpeg_arrival_brainrot, layout_rooms, serial_shops,
          nicolae_shop_temple_entry_statues_fountains
D:2:      layout_basic

Skill      XL: |  1 |
---------------+----+-----
Stealth        | 1 |  1.4
Fighting       | |  2.9
Ranged Weapons | |  4.3
Dodging        | |  2.6

Action                     || total
---------------------------++-------
   Fire: Shortbow          ||    72
 Armour: Leather armour    ||     4
         Chain mail        ||     9
  Dodge: Dodged            ||    18

Table legend: (Time is in decaauts)
 A = Elapsed time spent in this place.
 B = Non-inter-level travel time spent in this place.
 C = Inter-level travel time spent in this place.
 D = Time resting spent in this place.
 E = Time spent auto-exploring this place.
 F = Levels seen in this place.
 G = Mean time per level.
                   A        B        C        D        E       F      G
               +--------+--------+--------+--------+--------+-----+--------+
         Total |   1264 |   1156 |    108 |     13 |    852 |   2 |  632.0 |
       Dungeon |   1264 |   1156 |    108 |     13 |    852 |   2 |  632.0 |
               +--------+--------+--------+--------+--------+-----+--------+

Top non-repeatable levels by time:
     D:1: 760 daAuts
     D:2: 503 daAuts
